 Dungeon Crawl Stone Soup version 0.30-a0-715-gdb4ae3ece1 (webtiles) character file.

Game seed: 6376879183159814874

35115 tilp the Victor of a Thousand Battles (level 14, 0/125 HPs)
             Began as a Meteoran Fighter on Jan 24, 2023.
             Was the Champion of Okawaru.
             Slain by a ten-headed hydra (1 damage)
             ... on level 5 of the Lair of Beasts.
             The game lasted 00:30:56 (5016 turns).

tilp the Victor of a Thousand Battles (MeFi)        Turns: 5016, Time: 00:30:56

Health: 0/125      AC: 18    Str: 20    XL:     14   Next: 51%
Magic:  24/24      EV: 13    Int: 15    God:    Okawaru [******]
Gold:   526        SH:  5    Dex: 18    Spells: 13/13 levels left

rFire   + . .      SeeInvis .    a - +4 scimitar of Dishonour {spect, Drain rF+ rC+ Int+3}
rCold   + . .      Faith    .    c - +0 buckler
rNeg    . . .      Spirit   .    y - +1 chain mail of Cocytus {Str+3}
rPois   .          Reflect  .    m - +2 helmet
rElec   .          Harm     .    I - +0 cloak
rCorr   .          Rampage  .    q - +1 pair of gloves
Will    +....                    (no boots) Stlth
                                 (no amulet)
HPRegen 0.40/turn                (no ring)
MPRegen 0.19/turn                (no ring)

@: glowing
A: sense surroundings 2, otherworldly, glowing, explore regen
a: Renounce Religion, Heroism, Finesse, Duel


You were on level 5 of the Lair of Beasts.
You worshipped Okawaru.
Okawaru was exalted by your worship.
You visited 2 branches of the dungeon, and saw 16 of its levels.
You also visited: Ossuary.

You collected 673 gold pieces.
You spent 147 gold pieces at shops.

Inventory:

Hand Weapons
 a - the +4 scimitar of Dishonour (weapon) {spect, Drain rF+ rC+ Int+3}
   (Okawaru gifted it to you on level 5 of the Lair of Beasts)

   Int:       It affects your intelligence (+3).
   rF:        It protects you from fire.
   rC:        It protects you from cold.
   Drain:     It drains your maximum health when unequipped.
 L - a +1 great sword of flaming
 P - a +1 longbow of electrocution
Missiles
 d - 13 poisoned darts (quivered)
 i - 5 boomerangs
 A - a javelin
 C - 3 boomerangs of dispersal
 D - 2 throwing nets
 E - 5 atropa-tipped darts
 H - 3 silver javelins
 J - a silver boomerang
Armour
 c - a +0 buckler (worn)
 f - the +2 plate armour of Understanding {rElec}
   (You found it on level 4 of the Dungeon)

   rElec:     It insulates you from electricity.
 m - a +2 helmet (worn)
 q - a +1 pair of gloves (worn)
 y - the +1 chain mail of Cocytus (worn) {Str+3}
   (You found it on level 7 of the Dungeon)

   Str:       It affects your strength (+3).
 I - a +0 cloak (worn)
Jewellery
 p - a ring of ice
Wands
 h - a wand of paralysis (4)
 K - a wand of light (4)
Scrolls
 g - 2 scrolls of amnesia
 j - 6 scrolls of teleportation
 l - 5 scrolls of immolation
 n - 2 scrolls of poison
 o - a scroll of magic mapping
 v - 2 scrolls of enchant weapon
 B - a scroll of torment {unknown}
Potions
 b - a potion of berserk rage
 e - a potion of attraction
 k - a potion of cancellation
 r - 2 potions of resistance
 t - 3 potions of haste
 u - a potion of might
 w - 2 potions of heal wounds
 x - 7 potions of mutation
 z - a potion of flight
 F - a potion of curing
 G - a potion of ambrosia
 M - 2 potions of brilliance
Miscellaneous
 s - a piece from Xom's chessboard (15/15)


   Skills:
 * Level 11.8 Fighting
 + Level 12.9 Long Blades
 + Level 7.7 Throwing
 - Level 8.0 Armour
 + Level 11.1 Dodging
 - Level 4.0 Stealth
 - Level 4.0 Shields
 + Level 13.0 Invocations
 - Level 8.0 Evocations


You had 13 spell levels left.
You didn't know any spells.
Your spell library was empty.

Dungeon Overview and Level Annotations

Branches:
Dungeon (11/15) Zot: 3897    Lair (5/5) D:8 Zot: 963   Swamp (0/4) Lair:3
  Snake (0/4) Lair:2        Slime (0/5) Lair:5      Ossuary (visited)
 Temple: D:4-7          Orc: D:9-12

Altars:
Elyvilon
Fedhas
Gozag
Okawaru
Vehumet
The Shining One
Lugonu

Shops:
D:1 *   D:2 (

Portals:
Abyss: Lair:5
Trove: D:10 (give 15 potions of curing)

Annotations:
D:8 1 runed translucent door, Dirtsage's ghost, novice OpTm
Lair:5 exclusion: oklob plant


Innate Abilities, Weirdness & Mutations

You passively map the area around you.
You are easily found by Zot.
You glow in the dark.
You regain HP and MP as you explore.


Message History

You block the seven-headed hydra's attack.
Unknown command.
Unknown command.
Unknown command.
Unknown command.
Unknown command.
You barely miss the seven-headed hydra.
The seven-headed hydra is moderately wounded.
Your +4 scimitar of Dishonour {spect, Drain rF+ rC+ Int+3} hits the seven-headed hydra!!
Your +4 scimitar of Dishonour {spect, Drain rF+ rC+ Int+3} lops one of the seven-headed hydra's heads off!
The six-headed hydra grows two more!
You feel sick.
Unknown command.
The eight-headed hydra roars!
You lop one of the eight-headed hydra's heads off!
The seven-headed hydra grows two more!
You slash the nine-headed hydra!
The nine-headed hydra is heavily wounded.
Your +4 scimitar of Dishonour {spect, Drain rF+ rC+ Int+3} completely misses the nine-headed hydra.
You feel sick.
You are no longer poisoned.
The nine-headed hydra roars!
You hear a bellow!
The water moccasin completely misses your +4 scimitar of Dishonour {spect, Drain rF+ rC+ Int+3}.
The nine-headed hydra completely misses you.
You block the nine-headed hydra's attack. x2
The nine-headed hydra closely misses you.
The nine-headed hydra bites you but does no damage.
The nine-headed hydra closely misses you.
The nine-headed hydra bites you!
* * * LOW HITPOINT WARNING * * *
The nine-headed hydra bites you but does no damage.
The nine-headed hydra barely misses you.
Unknown command.
You hack one of the nine-headed hydra's heads off!
The eight-headed hydra grows two more!
You slash the ten-headed hydra!
The ten-headed hydra is heavily wounded.
Your +4 scimitar of Dishonour {spect, Drain rF+ rC+ Int+3} completely misses the ten-headed hydra.
A yak comes into view.
The ten-headed hydra bites you.
* * * LOW HITPOINT WARNING * * *
The ten-headed hydra misses you. The ten-headed hydra bites you.
You die...

♣♣††♣ ♣..._÷..♣♣♣.♣♣♣♣...♣♣
♣...♣♣♣♣♣♣♣♣♣.....♣
♣...♣♣♣...♣
♣♣...♣♣...♣♣♣..♣♣♣♣
♣...♣♣♣♣... ♣...†.........♣
♣♣♣..♣♣......
,*♣♣♣♣♣.♣....÷.♣♣
♣.....÷)♣♣♣♣♣ , * * ♣....÷♣♣♣♣
♣♣...♣♣♣♣ , ♣♣♣....♣♣♣♣♣♣
♣♣♣♣♣ * ♣♣♣♣♣♣♣...♣♣♣♣♣♣♣♣ ,,
* ♣♣♣♣♣@.........♣♣ ,
.♣♣♣...D(..........♣♣♣♣♣♣
,,,,.......YS.................
, ........#.#...............
,,,,
,.........###....♣~♣.....♣~
,,, ....D...##...#~~♣♣♣♣♣~♣P~~
, , ..Y......~F...~♣~~ ~♣♣♣♣~~
, .......##~~..~~~P≈≈~~~~~P~
,,,....... ♣~~...............


You could see a ten-headed hydra (blind), an eight-headed hydra, 2 yaks, a water
moccasin (blind) and a friendly +4 scimitar of Dishonour {spect, Drain rF+ rC+
Int+3} (summoned).

Vanquished Creatures
  Gastronok (Lair:3)
  Nessos (Lair:4)
  2 hydras
  3 death yaks (Lair:5)
  A two-headed ogre (D:10)
  2 thrashing horrors (Lair:5)
  A large abomination (Lair:5)
  Pikel (D:7)
  4 ugly things
  4 elephants
  4 black mambas
  2 smoke demons (Lair:5)
  A torpor snail (Lair:3)
  12 cane toads
  6 komodo dragons
  4 rime drakes
  A komodo dragon (shapeshifter) (Lair:5)
  4 ancient zymes
  A guardian mummy (D:10)
  4 polar bears
  A hornet (D:9)
  17 blink frogs
  4 dream sheep (Lair:5)
  A shadow (D:11)
  A ynoxinul (Lair:5)
  5 wyverns
  A vampire (D:11)
  18 yaks
  A golden eye (shapeshifter) (Lair:5)
  A steam dragon (D:8)
  3 basilisks
  3 nagas (Lair:2)
  4 water moccasins
  2 ice beasts (D:8)
  7 black bears
  A sky beast (D:7)
  10 wolves
  2 centaurs
  A phantom (D:5)
  2 kobold brigands
  11 bullfrogs
  Blork the orc (D:4)
  A gnoll sergeant (D:9)
  2 necrophages
  A scorpion (D:4)
  5 wights (D:7)
  7 killer bees (D:9)
  An electric eel (Lair:3)
  3 howler monkeys (D:9)
  2 centaur zombies (Ossuary)
  3 jellies
  3 human zombies
  A hound (D:4)
  Jessica (D:2)
  2 human skeletons (D:4)
  2 iguanas
  3 orc wizards
  8 small abominations (Lair:5)
  3 mummies (Ossuary)
  Robin (D:2)
  4 gnolls
  4 adders
  2 shadow imps (D:8)
  A dart slug (D:3)
  13 orcs
  A bat (D:1)
  5 endoplasms
  3 giant cockroaches
  12 goblins
  7 hobgoblins
  3 quokkas
  5 ball pythons
  6 frilled lizards (D:1)
  16 kobolds
  A kobold zombie (Ossuary)
  2 orc skeletons (D:4)
  4 orc zombies
  4 rats
298 creatures vanquished.

Vanquished Creatures (others)
  14 fungi
  24 plants
38 creatures vanquished.

Grand Total: 336 creatures vanquished

Notes
Turn   | Place    | Note
-------+----------+-------------------------------------------
     0 | D:1      | tilp the Meteoran Fighter began the quest for the Orb.
     0 | D:1      | Reached XP level 1. HP: 19/19 MP: 2/2
    32 | D:2      | Noticed Robin
    43 | D:2      | Reached XP level 2. HP: 15/26 MP: 3/3
    88 | D:1      | Reached skill level 1 in Dodging
   158 | D:1      | Reached XP level 3. HP: 22/31 MP: 4/4
   351 | D:2      | Reached XP level 4. HP: 37/38 MP: 5/5
   384 | D:1      | Found Xopnatul's General Store.
   400 | D:1      | Bought a scroll of teleportation for 30 gold pieces
   427 | D:2      | Killed Robin
   457 | D:2      | Noticed Jessica
   467 | D:2      | Killed Jessica
   468 | D:2      | Reached skill level 1 in Stealth
   468 | D:2      | Reached XP level 5. HP: 44/46 MP: 6/6
   604 | D:4      | Reached skill level 1 in Throwing
   604 | D:4      | Reached XP level 6. HP: 51/52 MP: 7/7
   662 | D:4      | Found a radiant altar of Vehumet.
   662 | D:4      | Found an iron altar of Okawaru.
   663 | D:4      | Found a white marble altar of Elyvilon.
   682 | D:4      | Became a worshipper of Warmaster Okawaru
   733 | D:4      | Identified the +2 plate armour of Understanding {rElec}
   783 | D:2      | Found Vuppopac's Antique Weapon Boutique.
   833 | D:4      | Noticed Blork the orc
   840 | D:4      | Killed Blork the orc
   841 | D:4      | Reached XP level 7. HP: 59/59 MP: 8/8
   845 | D:4      | Reached skill level 1 in Invocations
   902 | D:4      | Found a sand-covered staircase.
   907 | Ossuary  | Entered an ossuary
   973 | Ossuary  | Reached skill level 2 in Invocations
  1034 | Ossuary  | Reached * piety under Okawaru
  1089 | Ossuary  | Reached XP level 8. HP: 55/67 MP: 10/10
  1218 | D:4      | Found a glowing golden altar of the Shining One.
  1250 | D:5      | Entered Level 5 of the Dungeon
  1257 | D:5      | Reached skill level 3 in Invocations
  1259 | D:5      | Found an opulent altar of Gozag.
  1312 | D:4      | Reached skill level 5 in Fighting
  1316 | D:4      | Reached ** piety under Okawaru
  1427 | D:2      | Bought a glowing long sword for 117 gold pieces
  1577 | D:8      | Noticed a steam dragon
  1583 | D:8      | Killed a steam dragon
  1584 | D:8      | Reached skill level 5 in Long Blades
  1584 | D:8      | Reached skill level 4 in Invocations
  1584 | D:8      | Gained mutation: You passively map the area around you.
                  | [Meteoran growth]
  1584 | D:8      | Reached XP level 9. HP: 69/74 MP: 11/13
  1600 | D:7      | Reached skill level 5 in Dodging
  1605 | D:7      | Noticed Pikel
  1626 | D:7      | Killed Pikel
  1626 | D:7      | Reached *** piety under Okawaru
  1627 | D:7      | Reached skill level 5 in Armour
  1627 | D:7      | Reached skill level 5 in Invocations
  1689 | D:8      | Reached skill level 6 in Invocations
  1718 | D:8      | Reached **** piety under Okawaru
  1719 | D:8      | Reached XP level 10. HP: 36/84 MP: 15/15
  1761 | D:8      | Found a runed translucent door.
  1761 | D:8      | Noticed Dirtsage's ghost (novice OpTm)
  1762 | D:8      | Identified the +4 spear of Ecuongec {holy, Drain Fly rC+++
                  | rCorr Int-2}
  1782 | D:8      | Reached skill level 7 in Invocations
  1782 | D:8      | Noticed a rime drake
  1788 | D:8      | Killed a rime drake
  1792 | D:8      | Found a staircase to the Lair.
  1878 | D:7      | Reached ***** piety under Okawaru
  1893 | D:7      | Identified the +1 chain mail of Cocytus {Str+3}
  1923 | D:7      | Reached skill level 8 in Invocations
  1954 | D:7      | Received a gift from Okawaru
  2096 | D:9      | You fall into a shaft and drop 2 floors!
  2214 | D:10     | Entered Level 10 of the Dungeon
  2214 | D:10     | Noticed a two-headed ogre
  2223 | D:10     | Killed a two-headed ogre
  2224 | D:10     | Reached XP level 11. HP: 90/94 MP: 15/18
  2247 | D:10     | Found a portal to a secret trove of treasure.
  2454 | D:9      | Identified the +3 sling of the Badger {drain, rF- Int+3
                  | Dex+5}
  2631 | D:9      | Received a gift from Okawaru
  2822 | Lair:1   | Entered Level 1 of the Lair of Beasts
  2836 | Lair:1   | Reached skill level 9 in Invocations
  2870 | Lair:1   | Noticed a seven-headed hydra
  2899 | Lair:1   | Killed a one-headed hydra
  2899 | Lair:1   | Received a gift from Okawaru
  2900 | Lair:1   | Reached skill level 5 in Throwing
  3174 | Lair:2   | Noticed a black mamba
  3181 | Lair:2   | Killed a black mamba
  3191 | Lair:2   | Noticed a black mamba
  3197 | Lair:2   | Killed a black mamba
  3215 | Lair:2   | Reached ****** piety under Okawaru
  3216 | Lair:2   | Reached skill level 1 in Evocations
  3243 | Lair:2   | Found a staircase to the Snake Pit.
  3258 | Lair:2   | Received a gift from Okawaru
  3300 | Lair:2   | Reached XP level 12. HP: 90/104 MP: 20/20
  3408 | Lair:3   | Reached skill level 10 in Invocations
  3449 | Lair:3   | Noticed Gastronok
  3596 | Lair:2   | Reached skill level 10 in Long Blades
  3597 | Lair:2   | Received a gift from Okawaru
  3645 | Lair:3   | Found a staircase to the Swamp.
  3693 | Lair:3   | HP: 4/106 [rime drake/icy flash freeze (21)]
  3698 | Lair:3   | Reached skill level 10 in Fighting
  3759 | Lair:3   | Found an opulent altar of Gozag.
  3820 | Lair:3   | Reached skill level 11 in Invocations
  3929 | Lair:3   | Killed Gastronok
  3929 | Lair:3   | Received a gift from Okawaru
  3930 | Lair:3   | Reached XP level 13. HP: 96/113 MP: 22/22
  3990 | Lair:4   | Noticed a death yak
  3990 | Lair:4   | Noticed a death yak
  3990 | Lair:4   | Noticed a death yak
  3990 | Lair:4   | Noticed a death yak
  3990 | Lair:4   | Noticed a death yak
  4022 | Lair:4   | Noticed Nessos
  4031 | Lair:4   | Killed Nessos
  4032 | Lair:4   | Reached skill level 10 in Dodging
  4032 | Lair:4   | Reached skill level 12 in Invocations
  4101 | Lair:5   | Entered Level 5 of the Lair of Beasts
  4103 | Lair:5   | Found a blossoming altar of Fedhas.
  4111 | Lair:5   | Received a gift from Okawaru
  4214 | Arena    | Entered the Arena
  4238 | Lair:5   | Reached skill level 5 in Evocations
  4326 | Lair:5   | Noticed a death yak
  4328 | Lair:5   | Noticed a death yak
  4335 | Lair:5   | Noticed a death yak
  4352 | Lair:5   | Killed a death yak
  4352 | Lair:5   | Received a gift from Okawaru
  4357 | Lair:5   | Killed a death yak
  4365 | Lair:5   | Killed a death yak
  4365 | Lair:5   | Received a gift from Okawaru
  4434 | Lair:5   | Noticed a four-headed hydra
  4448 | Lair:5   | Killed a one-headed hydra
  4520 | Lair:5   | Reached XP level 14. HP: 113/124 MP: 24/24
  4639 | Lair:5   | Identified the +4 scimitar of Dishonour {spect, Drain rF+
                  | rC+ Int+3} (Okawaru gifted it to you on level 5 of the Lair
                  | of Beasts)
  4639 | Lair:5   | Received a gift from Okawaru
  4640 | Arena    | Entered the Arena
  4792 | Lair:5   | HP: 3/124 [ancient zyme (5)]
  4794 | Arena    | Entered the Arena
  4883 | Lair:5   | Reached skill level 13 in Invocations
  4894 | Lair:5   | Found a corrupted altar of Lugonu.
  4894 | Lair:5   | Found a one-way gate to the infinite horrors of the Abyss.
  5015 | Lair:5   | HP: 6/125 [nine-headed hydra (13)]
  5016 | Lair:5   | HP: 1/125 [ten-headed hydra (6)]
  5016 | Lair:5   | Slain by a ten-headed hydra

Illustrated notes

Levels and vault maps discovered:
D:1:      noname_arrival_rooms_in_the_neighbourhood, layout_rooms,
          shapermc_ecumenical_altar_petra, serial_shops,
          nicolae_shop_advertising_works [nicolae_subvault_shop_adworks]
D:2:      layout_basic, serial_shops, nicolae_shop_statue_plus,
          minmay_goblin_outpost, uniq_jessica, uniq_robin
D:3:      layout_basic
D:4:      layout_rooms, gammafunk_temple_overflow_claw, kennysheep_little_box,
          nicolae_ossuary_entry_catacombs, uniq_edmund, uniq_blork_the_orc
D:5:      layout_rooms, nicolae_gozag_seed_capital, serial_shops, shop,
          uniq_menkaure
D:6:      layout_cave_pools, nicolae_ru_great_annihilating_truth,
          kennysheep_cluttered_room, bh_walls_and_bars, uniq_crazy_yiuf_cottage
D:7:      layout_basic, kennysheep_orc_sif_temple, marbit_many_paths,
          minmay_temple_entry_mist, uniq_pikel
D:8:      layout_loops_ring, hellmonk_lair_entry_icy,
          ebering_ghost_funeral_grove, serial_rivers,
          chequers_serial_rivers_micro_c, chequers_serial_rivers_micro_c,
          chequers_serial_rivers_micro_a, chequers_serial_rivers_micro_e,
          chequers_serial_rivers_room_b, minmay_between
D:9:      layout_roguey
D:10:     layout_cave_pools, nicolae_trove_entry_path_of_doom
D:11:     layout_basic, lightli_elemental_guards
Lair:1:   layout_layer_cave, lemuel_fruit_tree
Lair:2:   layout_small_grid, nicolae_snake_entry_squirm,
          nicolae_lair_liquid_snakes
Lair:3:   beast_lair_carwin_large_1, layout_misc_corridors, swamp_mist_pool,
          basic_altar, uniq_gastronok
Lair:4:   layout_gridlike, uniq_nessos
Lair:5:   hellmonk_lair_end_abyssal_woods, layout_regular_city,
          minmay_slime_entry_oklob_open, basic_altar, serial_bayou_lagoon_b

Skill      XL: |  1  2  3  4  5  6  7  8  9 10 11 12 13 14 |
---------------+-------------------------------------------+-----
Dodging        | 1 2 3 4 5 8 9 10 11 | 11.1
Armour         | 4 5 6 7 8 |  8.0
Shields        | 4 |  4.0
Long Blades    | 3 4 5 8 9 11 12 | 12.9
Stealth        | 1 2 3 4 |  4.0
Fighting       | 4 5 6 8 9 10 11 | 11.8
Throwing       | 1 2 3 4 5 6 7 |  7.7
Invocations    | 2 4 6 8 9 11 12 13 | 13.0
Evocations     | 1 4 6 8 |  8.0

Action                     |  1- 3 |  4- 6 |  7- 9 | 10-12 | 13-15 || total
---------------------------+-------+-------+-------+-------+-------++-------
  Melee: Long sword        |    80 |   115 |   155 |   377 |   263 ||   990
         Scimitar          |       |       |       |       |    78 ||    78
  Throw: Stone             |       |     5 |     3 |       |       ||     8
         Dart              |       |       |       |     7 |    11 ||    18
         Boomerang         |       |       |       |     3 |       ||     3
 Invoke: Heroism           |       |       |       |     7 |     2 ||     9
         Duel              |       |       |       |       |     3 ||     3
  Evoke: Wand              |       |       |       |       |     4 ||     4
    Use: Scroll            |       |     8 |     3 |     9 |     3 ||    23
         Potion            |       |     1 |       |     3 |     2 ||     6
   Stab: Distracted        |       |       |     2 |     4 |    10 ||    16
         Paralysed         |       |       |       |       |     4 ||     4
 Armour: Scale mail        |    38 |    59 |       |       |       ||    97
         Plate armour      |       |     8 |    73 |    18 |       ||    99
         Chain mail        |       |       |       |   166 |   143 ||   309
  Dodge: Dodged            |    20 |    55 |    22 |   174 |   144 ||   415
  Block: Buckler           |    21 |    36 |    34 |    96 |    75 ||   262

Table legend: (Time is in decaauts)
 A = Elapsed time spent in this place.
 B = Non-inter-level travel time spent in this place.
 C = Inter-level travel time spent in this place.
 D = Time resting spent in this place.
 E = Time spent auto-exploring this place.
 F = Levels seen in this place.
 G = Mean time per level.
                   A        B        C        D        E       F      G
               +--------+--------+--------+--------+--------+-----+--------+
         Total |   5032 |   4523 |    509 |     63 |      0 |  20 |  251.6 |
       Dungeon |   2702 |   2416 |    286 |     28 |      0 |  11 |  245.6 |
          Lair |   2035 |   1813 |    222 |      2 |      0 |   5 |  407.0 |
       Ossuary |    234 |    234 |      0 |      0 |      0 |   1 |  234.0 |
         Arena |     60 |     60 |      0 |     33 |      0 |   3 |   20.0 |
               +--------+--------+--------+--------+--------+-----+--------+

Top non-repeatable levels by time:
  Lair:5: 748 daAuts
  Lair:2: 545 daAuts
     D:4: 475 daAuts
  Lair:3: 449 daAuts
     D:8: 419 daAuts
     D:1: 391 daAuts
     D:9: 391 daAuts
     D:7: 258 daAuts
 Ossuary: 234 daAuts
     D:3: 229 daAuts
  Lair:1: 172 daAuts
     D:2: 168 daAuts
    D:10: 165 daAuts
  Lair:4: 119 daAuts
    D:11: 118 daAuts
